 Dungeon Crawl Stone Soup version 0.26-a0-1060-g086102a3f0 (webtiles) character file.

Game seed: 14450754263591659449

31365 sokol815 the Cleaver (level 13, -5/108 HPs)
             Began as a Demonspawn Fighter on Dec 13, 2020.
             Was an Initiate of Gozag.
             Slain by a boulder beetle (22 damage)
             ... on level 6 of the Lair of Beasts.
             The game lasted 00:41:51 (19359 turns).

sokol815 the Cleaver (Demonspawn Fighter)          Turns: 19359, Time: 00:41:51

Health: -5/108     AC: 16    Str: 16    XL:     13   Next: 25%
Magic:  13/13      EV:  2    Int: 11    God:    Gozag
Gold:   1675       SH: 13    Dex: 14    Spells: 12/12 levels left

rFire    + . .     SeeInvis .     - Unarmed
rCold    + + .     Faith    .   c - +0 kite shield
rNeg     . . .     Spirit   .   s - +3 plate armour {rC+}
rPois    +         Reflect  +   S - +1 hat
rElec    +         Harm     .   r - +0 cloak
rCorr    .         Rampage  .   (gloves unavailable)
Will     .....     Clarity  +   (boots unavailable)
Stlth    ..........             E - amulet of reflection
HPRegen  0.28/turn              M - ring of protection from fire
MPRegen  0.13/turn              I - ring "Ziaguafa" {rElec rPois rC+ Int+2 Dex-3}

@: no status effects
A: claws 3, hooves 3, horns 1, clarity, spiny 2, weak 1, MP-powered wands
a: Potion Petition, Call Merchant, Bribe Branch, Renounce Religion


You were on level 6 of the Lair of Beasts.
You worshipped Gozag.
Gozag was most pleased with you.
You visited 2 branches of the dungeon, and saw 16 of its levels.

You collected 3987 gold pieces.
You spent 781 gold pieces at shops.
You paid 1531 gold pieces to Gozag.

Inventory:

Hand Weapons
 a - a +1 hand axe of electrocution
 b - the +10 short sword "Beetle's Bane" {freeze, *Corrode rElec SInv}
   (You found it on level 9 of the Dungeon)

   It has been specially enchanted to freeze those struck by it, causing extra
   injury to most foes and up to half again as much damage against particularly
   susceptible opponents.
   It can also slow down cold-blooded creatures.
   It insulates you from electricity.
   It lets you see invisible.
   It may corrode you when you take damage.
 v - a +0 dagger of flaming
 x - a +0 hunting sling
 K - a +3 war axe of protection
 O - a +0 spear of venom
Missiles
 f - 533 stones (quivered)
 j - 53 bolts
 p - 142 sling bullets
 q - 11 boomerangs
 w - 45 poisoned darts
 J - 15 javelins
 P - a throwing net
 Y - 7 silver javelins
Armour
 c - a +0 kite shield (worn)
 r - a +0 cloak (worn)
 s - a +3 plate armour of cold resistance (worn)
 S - a +1 hat (worn)
Jewellery
 E - an amulet of reflection (around neck)
 I - the ring "Ziaguafa" (right claw) {rElec rPois rC+ Int+2 Dex-3}
   (You bought it in a shop on level 10 of the Dungeon)

   [ring of protection from cold]

   It affects your intelligence (+2).
   It affects your dexterity (-3).
   It protects you from cold.
   It insulates you from electricity.
   It protects you from poison.
 M - a ring of protection from fire (left claw)
 V - an uncursed ring of resist corrosion
Wands
 i - a wand of flame (20)
 t - a wand of digging (12)
 u - a wand of disintegration (18)
 C - a wand of iceblast (21)
 G - a wand of paralysis (11)
 R - a wand of acid (6)
Scrolls
 l - 5 scrolls of fog
 m - 2 scrolls of magic mapping {unknown}
 o - 2 scrolls of teleportation
 y - a scroll of enchant armour
 z - 2 scrolls of fear
 A - a scroll of enchant weapon
 F - 4 scrolls of identify
 L - a scroll of summoning
 Q - 2 scrolls of remove curse
 U - 2 scrolls of vulnerability {unknown}
Potions
 d - 2 potions of might
 e - 3 potions of resistance
 h - 2 potions of flight
 k - 4 potions of heal wounds
 n - 2 potions of haste
 B - a potion of invisibility
 D - a potion of lignification
 H - a potion of brilliance
 N - a potion of berserk rage
 X - a potion of cancellation
 Z - 4 potions of curing


   Skills:
 - Level 12.0 Fighting
 - Level 7.8 Short Blades
 - Level 12.5 Axes
 - Level 2.6 Armour
 - Level 2.6 Shields
 * Level 10.3 Unarmed Combat


You had 12 spell levels left.
You didn't know any spells.
Your spell library contained the following spells:

 Spells                   Type           Power        Failure   Level
 Corona                   Hex            #......      100%        1
 Foxfire                  Conj/Fire      #...         100%        1
 Magic Dart               Conj           #...         100%        1
 Sandblast                Erth           #.....       100%        1
 Shock                    Conj/Air       #...         100%        1
 Blink                    Tloc           N/A          100%        2
 Call Imp                 Summ           #.......     100%        2
 Ensorcelled Hibernation  Hex/Ice        #.....       100%        2
 Passwall                 Tmut/Erth      #.......     100%        2
 Slow                     Hex            #.......     100%        2
 Swiftness                Air            #.......     100%        2
 Confusing Touch          Hex            #.......     100%        3
 Conjure Flame            Conj/Fire      #.......     100%        3
 Dazzling Flash           Conj/Hex       #.....       100%        3
 Gell's Gravitas          Tloc           #.........   100%        3
 Inner Flame              Hex/Fire       #.......     100%        3
 Mephitic Cloud           Conj/Pois/Air  #.......     100%        3
 Static Discharge         Conj/Air       #.......     100%        3
 Stone Arrow              Conj/Erth      #.....       100%        3
 Tukima's Dance           Hex            #.......     100%        3
 Airstrike                Air            #.........   100%        4
 Animate Dead             Necr           #.........   100%        4
 Petrify                  Tmut/Erth      #.......     100%        4
 Sticky Flame             Conj/Fire      #.......     100%        4
 Borgnjor's Vile Clutch   Necr/Erth      #.........   100%        5
 Fireball                 Conj/Fire      #.........   100%        5
 Lee's Rapid Deconstruct  Erth           #.........   100%        5
 Lightning Bolt           Conj/Air       #.........   100%        5
 Metabolic Englaciation   Hex/Ice        #.........   100%        5
 Yara's Violent Unravell  Hex/Tmut       #.........   100%        5
 Death Channel            Necr           #.........   100%        6
 Simulacrum               Ice/Necr       #.........   100%        6


Dungeon Overview and Level Annotations

Branches:
Dungeon (10/15)            Temple (0/1) D:6            Lair (6/6) D:10
  Snake (0/4) Lair:4        Slime (0/5) Lair:5          Orc (0/2) D:10
  Swamp: Lair:2-4    Shoals: Lair:2-4

Altars:
Dithmenos
Fedhas
Gozag
Hepliaklqana
Kikubaaqudgha
Makhleb
Nemelex Xobeh
Sif Muna
Uskayaw
Wu Jian
Yredelemnul
Zin
The Shining One
Jiyva

Shops:
D:7 !   D:10 =*(

Annotations:
Lair:1 3 runed translucent doors, Zonian's ghost, journeyman TeCj; gressup's ghost, journeyman PaNe; selver's ghost, novice DrVM
Lair:3 exclusion: 2 oklob plants


Innate Abilities, Weirdness & Mutations

You have claws for hands.
You have hooves in place of feet.
You have a pair of small horns on your head.
You are mostly covered in sharp spines.
You possess an exceptional clarity of mind.
You are weak. (Str -2)
You expend magic power (3 MP) to strengthen your wands.


Message History

The yak is struck by your spines. The yak gores you but does no damage.
You block the boulder beetle's attack.
You scratch the boulder beetle. You kick the boulder beetle.
The boulder beetle is almost dead.
The yak gores you!
* * * LOW HITPOINT WARNING * * *
You block the yak's attack. x2; You block the boulder beetle's attack.
You scratch the boulder beetle but do no damage.
You kick the boulder beetle.
You headbutt the boulder beetle, but do no damage.
The boulder beetle is almost dead.
The yak is struck by your spines. The yak gores you but does no damage.
You block the yak's attack. The yak gores you.
* * * LOW HITPOINT WARNING * * *
You scratch the boulder beetle but do no damage.
You kick the boulder beetle.
The boulder beetle is almost dead.
The boulder beetle bites you!!
You die...
Your body crumbles into a pile of gold.

#§.#≈≈S# .......
§D###≈≈§≈≈§
##......... .§
#≈≈### ##..........
.. #≈≈≈
##..........? $ ..
##§§ #.............
..
§###.$$:.........
.# # #.!.$.........
# #..
##...$YY.......
#....##.$...@Y....#
......$$$..?B.^...#
.###..#.#.....)..##
## ###$.......#
#P......<.####
#...<........##
#..[..............
..#......#P#.##...P
.......##P#P## #.#


You could see a boulder beetle and 3 yaks.

Vanquished Creatures
  3 hydras
  A catoblepas (Lair:2)
  2 two-headed ogres
  Urug (Lair:3)
  Sonja (Lair:3)
  2 unseen horrors
  9 elephants
  5 black mambas
  4 cane toads
  Maggie (Lair:1)
  3 komodo dragons
  4 rime drakes
  2 polar bears
  12 blink frogs
  5 dream sheep (Lair:2)
  5 wyverns
  24 yaks
  6 basilisks
  3 nagas (Lair:4)
  13 water moccasins
  An ice beast (D:6)
  6 orc warriors
  2 sky beasts
  4 black bears
  2 phantoms
  5 ogres
  9 wolves (Lair:6)
  A necrophage (D:4)
  2 centaurs
  3 big kobolds
  13 bullfrogs
  2 gnoll sergeants
  6 scorpions
  17 killer bees
  4 wights (D:6)
  4 howler monkeys
  2 electric eels (Lair:3)
  A bullfrog zombie (D:6)
  A centaur zombie (D:7)
  2 quasits
  A bullfrog skeleton (D:10)
  6 orc priests
  4 orc wizards
  2 hounds (D:7)
  5 jellies
  A centaur skeleton (D:8)
  Jessica (D:3)
  6 iguanas
  Ijyb (D:3)
  9 hell rats
  5 worker ants
  3 hound skeletons
  Robin (D:3)
  15 gnolls
  19 adders
  A shadow imp (D:10)
  3 white imps
  An ooze (D:5)
  An adder skeleton (D:9)
  An adder zombie (D:8)
  4 worms
  2 dart slugs
  9 leopard geckos
  45 orcs
  A ball python (D:2)
  4 bats
  3 giant cockroaches
  11 goblins
  10 hobgoblins
  18 kobolds
  A quokka (D:4)
  8 frilled lizards
  A jackal skeleton (D:6)
  2 quokka skeletons
  4 rats
402 creatures vanquished.

Vanquished Creatures (others)
  A bush (D:10)
  38 fungi
  84 plants
  3 withered plants (D:3)
126 creatures vanquished.

Grand Total: 528 creatures vanquished

Notes
Turn   | Place    | Note
-------+----------+-------------------------------------------
     0 | D:1      | sokol815 the Demonspawn Fighter began the quest for the
                  | Orb.
     0 | D:1      | Reached XP level 1. HP: 18/18 MP: 1/1
   296 | D:1      | Gained mutation: You are partially covered in sharp spines.
                  | [demonic ancestry]
   296 | D:1      | Reached XP level 2. HP: 24/24 MP: 2/2
   622 | D:2      | Found a faded altar of an unknown god.
   747 | D:2      | Found an opulent altar of Gozag.
   753 | D:2      | Found a blossoming altar of Fedhas.
   755 | D:2      | Became a worshipper of Gozag Ym Sagoz the Greedy
   961 | D:2      | Reached XP level 3. HP: 29/29 MP: 3/3
  1258 | D:3      | Reached XP level 4. HP: 28/37 MP: 4/4
  1636 | D:3      | Reached XP level 5. HP: 38/42 MP: 5/5
  1802 | D:3      | Noticed Jessica
  1808 | D:3      | Killed Jessica
  1849 | D:3      | Noticed Ijyb
  1862 | D:3      | Killed Ijyb
  2126 | D:3      | Gained mutation: You have sharp fingernails. [demonic
                  | ancestry]
  2126 | D:3      | Reached XP level 6. HP: 37/49 MP: 6/6
  2229 | D:3      | Found an ancient bone altar of Kikubaaqudgha.
  2275 | D:3      | Noticed Robin
  2303 | D:3      | Killed Robin
  2304 | D:3      | Reached skill level 5 in Axes
  2545 | D:3      | Found a shadowy altar of Dithmenos.
  2548 | D:3      | Found an ornate altar of the Wu Jian Council.
  2551 | D:3      | Found a basalt altar of Yredelemnul.
  2882 | D:4      | Found a burning altar of Makhleb.
  2882 | D:4      | Found a glowing silver altar of Zin.
  2883 | D:4      | Noticed an angel
  2883 | D:4      | Noticed a blizzard demon
  3084 | D:4      | Reached skill level 5 in Fighting
  3424 | D:5      | Entered Level 5 of the Dungeon
  3433 | D:5      | Gained mutation: You have large cloven feet. [demonic
                  | ancestry]
  3433 | D:5      | Reached XP level 7. HP: 53/56 MP: 7/7
  4132 | D:5      | Found a sparkling altar of Nemelex Xobeh.
  4259 | D:5      | Found a glowing golden altar of the Shining One.
  4480 | D:6      | Gained mutation: You have a pair of small horns on your
                  | head. [demonic ancestry]
  4480 | D:6      | Reached XP level 8. HP: 59/63 MP: 8/8
  5005 | D:6      | Gained mutation: You are weak. (Str -2) [potion of
                  | mutation]
  5005 | D:6      | Gained mutation: You expend magic power (3 MP) to
                  | strengthen your wands. [potion of mutation]
  5005 | D:6      | Gained mutation: You possess an exceptional clarity of
                  | mind. [potion of mutation]
  5289 | D:6      | Found a staircase to the Ecumenical Temple.
  5601 | D:7      | Found a hazy altar of Hepliaklqana.
  5797 | D:7      | Found Kefij's Distillery.
  5800 | D:7      | Bought a potion of curing for 42 gold pieces
  6569 | D:8      | Gained mutation: You have very sharp fingernails. [demonic
                  | ancestry]
  6569 | D:8      | Reached XP level 9. HP: 69/71 MP: 9/9
  7524 | D:9      | Reached skill level 10 in Axes
  7826 | D:9      | Got an ancient short sword
  7827 | D:9      | Identified the +10 short sword "Beetle's Bane" {freeze,
                  | *Corrode rElec SInv} (You found it on level 9 of the
                  | Dungeon)
  7839 | D:9      | Noticed a two-headed ogre
  7848 | D:9      | Killed a two-headed ogre
  7849 | D:9      | Gained mutation: You are mostly covered in sharp spines.
                  | [demonic ancestry]
  7849 | D:9      | Reached XP level 10. HP: 19/82 MP: 10/10
  8867 | D:9      | Found a hide-covered altar of Uskayaw.
  9034 | D:10     | Entered Level 10 of the Dungeon
  9036 | D:10     | Noticed an unseen horror
  9060 | D:9      | Killed an unseen horror
  9111 | D:10     | Noticed a two-headed ogre
  9117 | D:10     | Killed a two-headed ogre
  9258 | D:10     | Reached skill level 10 in Fighting
 10014 | D:10     | Found a staircase to the Lair.
 10055 | D:10     | Gained mutation: You have hoof-like feet. [demonic
                  | ancestry]
 10055 | D:10     | Reached XP level 11. HP: 48/90 MP: 11/11
 10348 | D:9      | Reached skill level 1 in Short Blades
 10488 | D:10     | Found Siuparan's Weapon Boutique.
 10634 | D:10     | Found a staircase to the Orcish Mines.
 10695 | D:10     | Noticed an unseen horror
 10715 | D:10     | Killed an unseen horror
 11119 | D:10     | Bought the ring "Ziaguafa" {rElec rPois rC+ Int+2 Dex-3}
                  | for 739 gold pieces
 11166 | Lair:1   | Entered Level 1 of the Lair of Beasts
 11228 | Lair:1   | Found a runed translucent gate.
 11229 | Lair:1   | Found a runed translucent gate.
 11230 | Lair:1   | Found a runed translucent gate.
 11232 | Lair:1   | Noticed Zonian's ghost (journeyman TeCj)
 11232 | Lair:1   | Noticed gressup's ghost (journeyman PaNe)
 11232 | Lair:1   | Noticed selver's ghost (novice DrVM)
 11245 | Lair:1   | Got a fine ring mail
 11256 | Lair:1   | Identified the +4 ring mail of the Quahog {Harm rPois rN+
                  | Will- Dex+3} (You found it on level 1 of the Lair of
                  | Beasts)
 11843 | Lair:1   | Noticed Maggie
 11856 | Lair:1   | Killed Maggie
 12232 | Lair:1   | Reached skill level 5 in Short Blades
 12573 | Lair:2   | Noticed a catoblepas
 12591 | Lair:2   | Killed a catoblepas
 12950 | Lair:2   | Noticed an eight-headed hydra
 12958 | Lair:2   | Killed an eight-headed hydra
 13160 | Lair:2   | Found a shimmering blue altar of Sif Muna.
 13667 | Lair:3   | Noticed a five-headed hydra
 13681 | Lair:2   | Killed a five-headed hydra
 13682 | Lair:2   | Gained mutation: You have claws for hands. [demonic
                  | ancestry]
 13682 | Lair:2   | Reached XP level 12. HP: 74/101 MP: 12/12
 14149 | Lair:3   | You fall into a shaft and drop 3 floors!
 14149 | Lair:6   | Entered Level 6 of the Lair of Beasts
 14149 | Lair:6   | Noticed a four-headed hydra
 14149 | Lair:6   | Noticed an eight-headed hydra
 14167 | Lair:5   | Reached skill level 1 in Unarmed Combat
 15079 | Lair:3   | Noticed Sonja
 15085 | Lair:3   | Killed Sonja
 15087 | Lair:3   | Reached skill level 5 in Unarmed Combat
 15217 | Lair:3   | Noticed Urug
 15231 | Lair:3   | Killed Urug
 15621 | Lair:4   | Noticed a six-headed hydra
 15632 | Lair:4   | Killed a six-headed hydra
 16430 | Lair:4   | Found a staircase to the Snake Pit.
 17468 | Lair:4   | Gained mutation: You have hooves in place of feet. [demonic
                  | ancestry]
 17468 | Lair:4   | Reached XP level 13. HP: 72/108 MP: 13/13
 18647 | Lair:5   | Found a viscous altar of Jiyva.
 18647 | Lair:5   | Found a staircase to the Slime Pits.
 19054 | Lair:5   | Reached skill level 10 in Unarmed Combat
 19359 | Lair:6   | Slain by a boulder beetle

Illustrated notes

Levels and vault maps discovered:
D:1:      dpeg_arrival_tiny_c, layout_loops_cross
D:2:      layout_loops_cross, minitemple, chequers_ecumenical_altar_simple_redux
D:3:      layout_loops_cross, kiku_gazebo_garden_becter,
          grunt_temple_overflow_diamond, uniq_jessica, uniq_robin, uniq_ijyb
D:4:      layout_rooms, grunt_temple_overflow_order_and_chaos_2,
          minmay_lizard_king
D:5:      layout_loops_ring, lemuel_round_altar, marbit_many_paths,
          serial_glass, glass_columns_b, glass_columns_a
D:6:      layout_basic, minmay_temple_entry_nine_rooms
D:7:      layout_basic, lemuel_coloured_pillars_altar, serial_shops,
          nicolae_shop_behind_doors, minmay_misc_feat_room, grunt_decor_fettered
D:8:      minmay_general_purpose_star, layout_rooms
D:9:      layout_cave_pools, eat_drink_and_be_merry_uskayaw
D:10:     layout_roguey [special_room_orc], minmay_lair_entry_grove,
          serial_shops, nicolae_shop_competitors_out_of_business
Lair:1:   minmay_lair_venomous_thicket, layout_regular_city,
          gammafunk_ghost_cemetery, uniq_maggie
Lair:2:   layout_concentric_octagons, basic_altar
Lair:3:   layout_roguey, palyth_hydra_swamp_entry, guppyfry_lair_drakes,
          grunt_megastairs_5, minmay_lair_oklob_chamber, lemuel_fruit_tree,
          serial_bayou_shore_a, uniq_urug, uniq_sonja
Lair:4:   layout_regular_city, guppyfry_snake_entry_garden
Lair:5:   layout_long_grid, slime_altar_1, serial_bayou_pond_c
Lair:6:   cheibrodos_lair_end_hotspot, layout_big_grid,
          hangedman_lair_unloving_vines, zaba_antful_of_joy

Skill      XL: |  1  2  3  4  5  6  7  8  9 10 11 12 13 |
---------------+----------------------------------------+-----
Axes           | 2 3 4 5 7 9 11 12 | 12.5
Fighting       | 4 5 6 7 9 10 11 12 | 12.0
Short Blades   | 7 |  7.8
Unarmed Combat | 9 10 | 10.3
Armour         | |  2.6
Shields        | |  2.6

Action                   |  1- 3 |  4- 6 |  7- 9 | 10-12 | 13-15 || total
-------------------------+-------+-------+-------+-------+-------++-------
Melee: War axe           |    76 |   152 |   153 |       |       ||   381
       Headbutt          |       |       |    38 |   131 |    17 ||   186
       Hand axe          |       |       |    67 |   354 |       ||   421
       Short sword       |       |       |    13 |   272 |       ||   285
       Unarmed           |       |       |       |    53 |   113 ||   166
       Kick              |       |       |       |       |    34 ||    34
Invok: Call Merchant     |       |       |       |     2 |       ||     2
Evoke: Wand              |       |       |       |    11 |       ||    11
  Use: Scroll            |       |     4 |     6 |    18 |     1 ||    29
       Potion            |       |       |     1 |     1 |       ||     2
 Stab: Distracted        |       |     1 |       |     3 |       ||     4
       Paralysed         |       |       |       |     3 |       ||     3
Armor: Scale mail        |    39 |    17 |       |       |       ||    56
       Chain mail        |       |    39 |    88 |    70 |       ||   197
       Plate armour      |       |       |       |   240 |    66 ||   306
Dodge: Dodged            |    26 |    15 |    23 |    53 |     7 ||   124
Block: Kite shield       |    39 |    60 |   137 |   458 |    78 ||   772
       Reflection        |       |       |     6 |     9 |       ||    15

Table legend: (Time is in decaauts)
 A = Elapsed time spent in this place.
 B = Non-inter-level travel time spent in this place.
 C = Inter-level travel time spent in this place.
 D = Time resting spent in this place.
 E = Time spent auto-exploring this place.
 F = Levels seen in this place.
 G = Mean time per level.
                   A        B        C        D        E       F      G
               +--------+--------+--------+--------+--------+-----+--------+
         Total |  19417 |  18933 |    484 |   5642 |  10382 |  16 | 1213.6 |
       Dungeon |  11264 |  10959 |    305 |   2637 |   6445 |  10 | 1126.4 |
          Lair |   8152 |   7973 |    179 |   3005 |   3937 |   6 | 1358.7 |
               +--------+--------+--------+--------+--------+-----+--------+

Top non-repeatable levels by time:
  Lair:4: 2397 daAuts
     D:8: 1767 daAuts
     D:3: 1635 daAuts
     D:9: 1572 daAuts
  Lair:2: 1554 daAuts
  Lair:3: 1465 daAuts
    D:10: 1413 daAuts
  Lair:5: 1371 daAuts
  Lair:1: 1281 daAuts
     D:6: 1093 daAuts
     D:5: 904 daAuts
     D:7: 845 daAuts
     D:4: 750 daAuts
     D:2: 654 daAuts
     D:1: 627 daAuts
